 Dungeon Crawl Stone Soup version 0.17-a0-2127-g1cb09f6 (webtiles) character file.

79 kosy22 the Caller (level 4, -1/24 HPs)
             Began as a Tengu Summoner on Oct 23, 2015.
             Killed by divine providence
             ... invoked by an orc priest
              (12 damage)
             ... on level 3 of the Dungeon.
             The game lasted 00:17:25 (3009 turns).

kosy22 the Caller (Tengu Summoner)                  Turns: 3009, Time: 00:17:25

Health: -1/24      AC:  2    Str:  9    XL:     4   Next: 38%
Magic:  0/9        EV: 13    Int: 16    God:
Gold:   103        SH:  0    Dex: 14    Spells: 3 memorised, 2 levels left

rFire  . . .     SeeInvis .     (no weapon)
rCold  . . .     Clarity  .     a - +0 robe
rNeg   . . .     SustAt   .     (no shield)
rPois  .         Gourm    .     (helmet restricted)
rElec  .         Spirit   .     (no cloak)
rCorr  .         Warding  .     (no gloves)
rMut   .         Stasis   .     (boots unavailable)
MR     .....                    (no amulet)
Stlth  ++........               (no ring)
                                (no ring)

@: not resistant to hostile enchantments, unstealthy
A: beak, talons 3
a: no special abilities


You were on level 3 of the Dungeon.
You were not hungry.

You visited 1 branch of the dungeon, and saw 3 of its levels.

You collected 103 gold pieces.

Inventory:

Missiles
 o - 7 tomahawks (quivered)
Armour
 a - a +0 robe (worn)
Jewellery
 i - a cursed ring of ice {unknown}
 q - an uncursed ring of protection from magic {unknown}
Scrolls
 g - a scroll of fog {unknown}
 h - a scroll of magic mapping {unknown}
 l - a scroll of amnesia {unknown}
 n - a scroll of remove curse {unknown}
 p - a scroll of recharging {unknown}
Potions
 d - a potion of heal wounds {unknown}
 e - 2 potions of curing
 f - a potion of brilliance {unknown}
 j - a potion of ambrosia {unknown}
Books
 b - a book of Callings

   Spells                             Type                      Level
   a - Summon Small Mammal            Summoning                    1
   b - Call Imp                       Summoning                    2
   c - Call Canine Familiar           Summoning                    3
   d - Summon Guardian Golem          Hexes/Summoning              3
   e - Summon Lightning Spire         Summoning/Air                4
   f - Summon Ice Beast               Ice/Summoning                4
Comestibles
 c - a bread ration
 k - a meat ration
 m - a slice of pizza


   Skills:
 + Level 0.2 Fighting
 + Level 0.2 Throwing
 + Level 2.7 Dodging
 + Level 2.0 Stealth
 + Level 2.9 Spellcasting
 + Level 5.8 Summonings


You had 2 spell levels left.
You knew the following spells:

 Your Spells              Type           Power        Failure   Level  Hunger
a - Summon Small Mammal   Summ           ###.         1%          1    #......
b - Call Imp              Summ           ###.....     2%          2    ##.....
c - Call Canine Familiar  Summ           ###.....     6%          3    ###....


Dungeon Overview and Level Annotations

Branches:
Dungeon (3/15)

Altars:
Gozag


Innate Abilities, Weirdness & Mutations

You have a beak for a mouth.
You have claws for feet.


Message History

The orc hits your hound with a war axe.
Casting: Call Imp
Confirm with . or Enter, or press ? or * to list all spells.
A beastly little devil appears in a puff of frigid air.
Your hound barely misses the orc.
Something hits your hound.
The orc priest hits your white imp but does no damage.
Your hound bites the orc but does no damage.
Your crimson imp barely misses the orc.
Your white imp hits the orc priest but does no damage.
You swap places.
The orc completely misses your crimson imp.
The orc hits your hound with a war axe.
Your hound bites the orc.
The orc dies!
Something hits your hound but does no damage.
Your white imp gestures at the orc priest.
The puff of frost hits the orc priest.
The orc priest invokes the aid of Beogh against you.
Something smites you!
Ouch! That really hurt!
You die...

..#
#..(.[..##.###########.#.#.
..# #.......##.# #.........
#########.....##.#
#.#####... #.........###.#
#......... #.......).....#
#######... #..........))o#
#... #..........h55# #...
#............5# #...
#............@# ###...
#.............# #.....
#########.....# #.#...
#.....# #.#.). ##....# #
#.#### #.##.# ######.##.##
#.##.# #...##..†..# #.##.#
#...#####..### #..#.# #...#
#......


You could see an orc priest, a friendly hound, a friendly crimson imp and 2
friendly white imps.

Vanquished Creatures
  A bat (D:1)
  A kobold (D:3)
2 creatures vanquished.

Vanquished Creatures (collateral kills)
  A giant frog zombie (D:3)
  4 adders
  2 oozes
  2 giant geckos
  3 orcs (D:3)
  3 ball pythons
  3 bats
  3 giant cockroaches (D:2)
  4 goblins
  5 hobgoblins
  2 quokkas
  2 giant newts
  4 jackals (D:1)
  6 kobolds
  7 rats
51 creatures vanquished.

Grand Total: 53 creatures vanquished

Notes
Turn   | Place    | Note
--------------------------------------------------------------
     0 | D:1      | kosy22 the Tengu Summoner began the quest for the Orb.
     0 | D:1      | Reached XP level 1. HP: 10/10 MP: 4/4
   290 | D:1      | Reached skill level 5 in Summonings
   497 | D:1      | Reached XP level 2. HP: 15/15 MP: 3/6
   501 | D:1      | Learned a level 2 spell: Call Imp
  1405 | D:2      | Found an opulent altar of Gozag.
  1425 | D:2      | Reached XP level 3. HP: 13/19 MP: 0/7
  1590 | D:2      | Learned a level 3 spell: Call Canine Familiar
  2756 | D:3      | Reached XP level 4. HP: 24/24 MP: 4/9
  3009 | D:3      | Killed from afar by an orc priest

Vault maps used:
D:1:      nagdon_arrival_zigzag_paths, hex_large
D:2:      nicolae_gozag_seed_capital

Action                   |  1- 3 |  4- 6 || total
-------------------------+-------+-------++-------
Melee: Unarmed           |    11 |       ||    11
Throw: Tomahawk          |     6 |       ||     6
 Cast: Summon Small Mamm |    27 |     1 ||    28
       Call Imp          |    39 |     4 ||    43
       Call Canine Famil |     6 |     3 ||     9
  Use: Potion            |     4 |       ||     4
  Eat: Fruit             |     4 |       ||     4
       Meat ration       |     1 |     1 ||     2
